 Dungeon Crawl Stone Soup version 0.24-a0-434-gd57e52fea8 (webtiles) character file.

Game seed: 13920402760146755783

3447 nikopol the Thaumaturge (level 9, -3/47 HPs)
             Began as a Deep Elf Fire Elementalist on June 16, 2019.
             Was a Believer of Vehumet.
             Slain by an orc warrior
             ... wielding a +0 long sword
              (14 damage)
             ... on level 7 of the Dungeon.
             The game lasted 00:25:32 (6877 turns).

nikopol the Thaumaturge (DEFE)                      Turns: 6877, Time: 00:25:32

Health: -3/47      AC:  4    Str:  3    XL:     9   Next: 77%
Magic:  14/40      EV: 14    Int: 24    God:    Vehumet [**....]
Gold:   663        SH:  7    Dex: 15    Spells: 14/29 levels left

rFire    . . .     SeeInvis .   r - staff of power
rCold    . . .     Gourm    .   k - +2 buckler
rNeg     . . .     Faith    .   a - +0 robe
rPois    .         Spirit   .   (no helmet)
rElec    .         Reflect  .   C - +0 cloak
rCorr    .         Harm     .   b - +0 pair of gloves
MR       .....                  (no boots)
Stlth    +++.......             (no amulet)
HPRegen  0.15/turn              q - -2 ring of strength
MPRegen  0.27/turn              (no ring)

@: very slightly contaminated
A: no striking features
a: Renounce Religion


You were on level 7 of the Dungeon.
You worshipped Vehumet.
Vehumet was pleased with you.
You were not hungry.

You visited 1 branch of the dungeon, and saw 7 of its levels.
You also visited: Ossuary.

You collected 663 gold pieces.

Inventory:

Hand Weapons
 d - a +1 dagger
Armour
 a - a +0 robe (worn)
 b - a +0 pair of gloves (worn)
 k - a +2 buckler (worn)
 C - a +0 cloak (worn)
Magical Staves
 r - an uncursed staff of power (weapon)
Jewellery
 q - a -2 ring of strength (left hand)
 u - an uncursed ring of fire
Wands
 y - a wand of random effects (22)
Scrolls
 e - a scroll of fear
 f - 6 scrolls of identify
 h - 2 scrolls of remove curse
 i - 3 scrolls of teleportation
 z - 2 scrolls of immolation {unknown}
 B - 2 scrolls of amnesia {unknown}
Potions
 g - 2 potions of magic {unknown}
 j - a potion of resistance {unknown}
 l - 2 potions of curing
 m - 2 potions of lignification
 n - a potion of ambrosia
 o - 2 potions of mutation
 p - 3 potions of heal wounds {unknown}
 s - a potion of berserk rage {unknown}
 t - a potion of might {unknown}
 v - a potion of cancellation {unknown}
 w - a potion of invisibility
 x - a potion of haste {unknown}
Comestibles
 c - 14 rations


   Skills:
 + Level 1.0 Fighting
 + Level 3.8 Dodging
 + Level 4.2 Stealth
 * Level 3.1 Shields
 + Level 10.5 Spellcasting
 + Level 7.3 Conjurations
 + Level 8.9 Fire Magic


You had 14 spell levels left.
You knew the following spells:

 Your Spells              Type           Power        Failure   Level  Hunger
a - Flame Tongue          Conj/Fire      #####        1%          1    None
b - Throw Flame           Conj/Fire      ######       1%          2    None
c - Conjure Flame         Conj/Fire      ######..     1%          3    None
d - Sticky Flame          Conj/Fire      ######..     1%          4    None
e - Fireball              Conj/Fire      ######....   5%          5    ####...

Your spell library contained the following spells:

 Spells                   Type           Power        Failure   Level  Hunger
 Magic Dart               Conj           ####         1%          1    None
 Inner Flame              Hex/Fire       ####....     2%          3    None


Dungeon Overview and Level Annotations

Branches:
Dungeon (7/15)             Temple (0/1) D:4

Altars:
Hepliaklqana
Kikubaaqudgha
Okawaru
Qazlal
Vehumet
Yredelemnul
Zin

Shops:
D:6 (


Message History

The ooze quivers.
You hear a shout!
The orc warrior burns!
The orc warrior stops burning.
The orc wizard gestures at you while chanting.
The magic dart hits you!
Casting: Sticky Flame (safe; 1% risk of failure)
Confirm with . or Enter, or press ? or * to list all spells.
Aiming: Sticky Flame (safe; 1% risk of failure)
Press: ? - help, Shift-Dir - straight line, f/p - orc warrior
Aim: an orc warrior, wielding a +0 long sword and wearing a +0 plate armour (heavily wounded)
The sticky flame hits the orc warrior.
The orc warrior is severely wounded.
The orc warrior is covered in liquid flames!
The orc warrior burns!
The orc completely misses you.
The orc wizard gestures at you while chanting.
The magic dart hits you!
* * * LOW HITPOINT WARNING * * *
An orc priest comes into view. It is wielding a +0 mace.
The orc warrior hits you with a +0 long sword!
You die...

......####...###
..##............#
...#..........###
..(.........(#.#
..........#.)###
.......o.##..#
#.......oo##.).#
#.$#.......#o).#
.........o@..##
###..........##
#........(#.##
..........#..#
............##
...)..J.....##
.......((....#
..........(.##
...........##


You could see an orc warrior (burning), an orc priest, an orc wizard, an ooze
and 2 orcs.

Vanquished Creatures
  A two-headed ogre (D:6)
  Grinder (D:6)
  A hippogriff (D:4)
  Eustachio (D:5)
  Menkaure (D:2)
  Edmund (D:6)
  A phantom (D:6)
  A black bear (D:4)
  An ogre (D:7)
  2 centaurs (D:6)
  A crocodile (D:7)
  A big kobold (D:7)
  5 bullfrogs
  4 scorpions
  3 howler monkeys
  A bullfrog zombie (D:6)
  A quasit (D:6)
  3 hounds
  2 orc priests
  2 orc wizards
  A centaur skeleton (D:6)
  4 worker ants
  Natasha (thrice) (D:3)
  A big kobold zombie (Ossuary)
  2 hound skeletons
  8 mummies (Ossuary)
  10 adders
  3 gnolls (D:7)
  2 shadow imps (D:6)
  An ooze (D:2)
  An adder zombie (D:6)
  2 adder skeletons
  2 worms (D:2)
  2 dart slugs (D:1)
  4 leopard geckos
  20 orcs
  3 ball pythons
  9 giant cockroaches
  5 goblins
  10 hobgoblins
  7 jackals
  12 kobolds
  3 quokkas
  6 bats
  3 frilled lizards
  2 gnoll zombies (Ossuary)
  2 hobgoblin zombies (Ossuary)
  A kobold zombie (Ossuary)
  A leopard gecko zombie (D:6)
  2 orc zombies (Ossuary)
  2 quokka zombies
  4 rats
  A rat zombie (D:6)
173 creatures vanquished.

Notes
Turn   | Place    | Note
-------+----------+-------------------------------------------
     0 | D:1      | nikopol the Deep Elf Fire Elementalist began the quest for
                  | the Orb.
     0 | D:1      | Reached XP level 1. HP: 10/10 MP: 6/6
   154 | D:1      | Reached XP level 2. HP: 15/15 MP: 6/8
   744 | D:2      | Reached XP level 3. HP: 18/19 MP: 3/10
   810 | D:2      | Learned a level 2 spell: Throw Flame
   814 | D:2      | Learned a level 3 spell: Conjure Flame
  1038 | D:2      | Reached skill level 4 in Spellcasting
  1193 | D:2      | Reached XP level 4. HP: 24/24 MP: 9/12
  1470 | D:2      | Found a basalt altar of Yredelemnul.
  1472 | D:2      | Noticed Menkaure
  1482 | D:2      | Found an ancient bone altar of Kikubaaqudgha.
  1483 | D:2      | Found a transporter.
  1581 | D:2      | Found a transporter.
  1779 | D:2      | Found a hazy altar of Hepliaklqana.
  2324 | D:3      | Noticed a bullfrog
  2336 | D:3      | Learned a level 4 spell: Sticky Flame
  2338 | D:3      | Found a glowing silver altar of Zin.
  2359 | D:2      | Reached XP level 5. HP: 18/28 MP: 5/14
  2596 | D:3      | Found a stormy altar of Qazlal.
  2627 | D:3      | Reached skill level 5 in Spellcasting
  2642 | D:3      | Noticed Natasha
  2651 | D:3      | Killed Natasha
  2697 | D:3      | You fall into a shaft and drop 2 floors!
  2697 | D:5      | Entered Level 5 of the Dungeon
  2758 | D:4      | Reached XP level 6. HP: 33/33 MP: 13/16
  2770 | D:4      | Reached skill level 5 in Fire Magic
  2784 | D:4      | Noticed a hippogriff
  2874 | D:3      | Noticed Natasha
  2876 | D:3      | Killed Natasha
  3047 | D:3      | Found a radiant altar of Vehumet.
  3052 | D:3      | Became a worshipper of Vehumet
  3098 | D:3      | Noticed Natasha
  3108 | D:3      | Killed Natasha
  3108 | D:3      | Reached skill level 6 in Spellcasting
  3306 | D:3      | Learned a level 5 spell: Fireball
  3370 | D:2      | Killed Menkaure
  3534 | D:4      | Found a staircase to the Ecumenical Temple.
  3538 | D:4      | Reached XP level 7. HP: 37/37 MP: 18/18
  3634 | D:4      | Killed a hippogriff
  3772 | D:4      | Reached skill level 7 in Spellcasting
  4175 | D:5      | Noticed Eustachio
  4311 | D:5      | Killed Eustachio
  4311 | D:5      | Reached skill level 1 in Fighting
  4311 | D:5      | Reached skill level 5 in Conjurations
  4311 | D:5      | Reached XP level 8. HP: 37/43 MP: 15/21
  4714 | D:6      | Found Huppulug's Antique Weapon Boutique.
  4717 | D:6      | Reached skill level 8 in Spellcasting
  4804 | D:6      | Reached * piety under Vehumet
  4804 | D:6      | Offered knowledge of Shock by Vehumet.
  4807 | D:6      | Found a sand-covered staircase.
  4814 | Ossuary  | Entered an ossuary
  5339 | D:6      | Noticed Edmund
  5365 | D:6      | Killed Edmund
  5365 | D:6      | Reached skill level 1 in Shields
  5476 | D:6      | Noticed Grinder
  5493 | D:6      | Reached ** piety under Vehumet
  5656 | D:6      | Offered knowledge of Magic Dart by Vehumet.
  5728 | D:6      | Reached skill level 9 in Spellcasting
  5732 | D:6      | Killed Grinder
  5732 | D:6      | Reached XP level 9. HP: 32/47 MP: 23/24
  5966 | D:6      | Noticed a two-headed ogre
  5978 | D:6      | Killed a two-headed ogre
  5978 | D:6      | Reached skill level 10 in Spellcasting
  6529 | D:6      | Found an iron altar of Okawaru.
  6877 | D:7      | Slain by an orc warrior

Levels and vault maps discovered:
D:1:      doesnt_arrival_eight_statues, layout_basic
D:2:      layout_rooms, gammafunk_temple_of_torment,
          nicolae_overflow_crystal_walls, first_ration
D:3:      layout_rooms, lemuel_crystal_altar, nicolae_qazlal_eye_of_the_storm,
          overflow_temple_1_default, hangedman_feature_mirror, uniq_natasha
D:4:      layout_rooms, temple_fountains
D:5:      layout_rooms, uniq_eustachio
D:6:      minmay_opposing_rooms, layout_basic, old_standard_altar,
          enter_ossuary_4, serial_shops, shop, uniq_grinder, uniq_edmund
D:7:      layout_cave_pools

Skill      XL: |  1  2  3  4  5  6  7  8  9 |
---------------+----------------------------+-----
Fire Magic     | 4 5 6 8 |  8.9
Spellcasting   | 4 5 6 7 9 10 | 10.5
Conjurations   | 2 3 5 6 7 |  7.3
Stealth        | 3 4 |  4.2
Dodging        | 3 |  3.8
Fighting       | 1 |  1.0
Shields        | 1 3 |  3.1

Action                   |  1- 3 |  4- 6 |  7- 9 || total
-------------------------+-------+-------+-------++-------
 Cast: Flame Tongue      |    47 |   122 |   182 ||   351
       Throw Flame       |       |     8 |    33 ||    41
       Sticky Flame      |       |       |    17 ||    17
       Conjure Flame     |       |       |     5 ||     5
       Fireball          |       |       |     7 ||     7
  Use: Scroll            |       |     5 |     7 ||    12
  Eat: Chunk             |       |     6 |    15 ||    21
Armor: Robe              |     6 |    11 |     4 ||    21
Dodge: Dodged            |    13 |    44 |    28 ||    85
Block: Buckler           |       |       |    13 ||    13

Table legend:
 A = Non-vault XP
 B = Vault XP
 C = Vault XP percentage of total XP
 D = Non-vault monster count
 E = Vault monster count
 F = Vault count percentage of total count
                 A         B        C        D         E       F
            +---------+---------+-------+---------+---------+-------
      Total |    2547 |    2378 |  48.3 |     140 |      33 |  19.1
            +---------+---------+-------+---------+---------+-------
        D:1 |      35 |       0 |   0.0 |      17 |       0 |   0.0
        D:2 |     126 |     172 |  57.7 |      29 |       1 |   3.3
        D:3 |     245 |      38 |  13.4 |      27 |       3 |  10.0
        D:4 |     640 |       0 |   0.0 |      18 |       0 |   0.0
        D:5 |     171 |     188 |  52.4 |       7 |       1 |  12.5
        D:6 |     814 |    1802 |  68.9 |      26 |      12 |  31.6
        D:7 |     516 |       0 |   0.0 |      16 |       0 |   0.0
    Ossuary |       0 |     178 | 100.0 |       0 |      16 | 100.0
            +---------+---------+-------+---------+---------+-------
